 Dungeon Crawl Stone Soup version 0.23.0-3-gf3c87f2 (webtiles) character file.

Game seed: 10270395174897702415

233 Borgoz the Sneak (level 6, 0/46 (47) HPs)
             Began as a Ghoul Enchanter on Feb 24, 2019.
             Slain by a bullfrog skeleton (6 damage)
             ... on level 4 of the Dungeon.
             The game lasted 00:08:38 (3493 turns).

Borgoz the Sneak (Ghoul Enchanter)                  Turns: 3493, Time: 00:08:39

HP:   0/46 (47)     AC:  2    Str: 17    XL:     6   Next: 5%
MP:   3/8           EV: 12    Int: 10    God:
Gold: 123           SH:  0    Dex: 11    Spells: 4/9 levels left

rFire    . . .     SeeInvis .   a - +1 dagger
rCold    + . .     Gourm    .   (no shield)
rNeg     + + +     Faith    .   b - +0 robe
rPois    ∞         Spirit   .   (no helmet)
rElec    .         Reflect  .   (no cloak)
rCorr    .         Harm     .   (no gloves)
MR       .....                  (no boots)
Stlth    ++........             (no amulet)
HPRegen  0.00/turn              (no ring)
MPRegen  0.11/turn              (no ring)

@: mighty, rotting
A: rotting body, claws 1, carnivore, cold resistance 1, negative energy
resistance 3, inhibited regeneration, torment resistance, unbreathing
a: no special abilities


You were on level 4 of the Dungeon.
You were not hungry.

You visited 1 branch of the dungeon, and saw 5 of its levels.

You collected 123 gold pieces.

Inventory:

Hand Weapons
 a - a +1 dagger (weapon)
Missiles
 j - 4 needles of confusion
 k - 28 poisoned needles
Armour
 b - a +0 robe (worn)
Wands
 e - a wand of digging (3)
Scrolls
 f - 3 scrolls of remove curse
 i - a scroll of fog
Potions
 h - a potion of might
 o - a potion of cancellation
Comestibles
 c - a chunk of flesh
 d - 4 rations


   Skills:
 + Level 1.2 Fighting
 + Level 2.3 Short Blades
 + Level 2.2 Dodging
 + Level 4.3 Stealth
 + Level 2.4 Spellcasting
 * Level 3.5 Hexes
 + Level 1.2 Ice Magic


You had 4 spell levels left.
You knew the following spells:

 Your Spells              Type           Power        Failure   Level  Hunger
a - Confuse               Hex            #.......     22%         3    ####...
b - Ensorcelled Hibernat  Hex/Ice        #.....       17%         2    ###....

Your spell library contained the following spells:

 Spells                   Type           Power        Failure   Level  Hunger
 Corona                   Hex            #......      7%          1    ##.....
 Tukima's Dance           Hex            #.......     22%         3    ####...
 Dazzling Spray           Conj/Hex       #.....       41%         3    ####...


Dungeon Overview and Level Annotations

Branches:
Dungeon (5/15)
 Temple: D:4-7

Altars:
Elyvilon
Fedhas
Uskayaw
Xom
The Shining One

Annotations:
D:4 Menkaure


Innate Abilities, Weirdness & Mutations

Your body is rotting away.
You thrive on raw meat.
You are immune to poison.
You have sharp fingernails.
You are carnivorous and can eat meat at any time.
Your flesh is cold resistant. (rC+)
You are immune to negative energy. (rN+++)
You do not regenerate when monsters are visible.
You are immune to unholy pain and torment.
You can survive without breathing.


Message History

The bullfrog skeleton is heavily damaged.
The bullfrog skeleton hits you.
You hit the bullfrog skeleton.
The bullfrog skeleton is heavily damaged.
The bullfrog skeleton barely misses you.
Menkaure closely misses you.
The bullfrog skeleton barely misses you.
You barely miss Menkaure.
Menkaure seems less confused.
The bullfrog skeleton misses you. Menkaure hits you!
* * * LOW HITPOINT WARNING * * *
You feel very mighty all of a sudden. The bullfrog skeleton hits you.
* * * LOW HITPOINT WARNING * * *
Casting: Confuse (safe; 22% risk of failure)
Confirm with . or Enter, or press ? or * to list all spells.
Aiming: Confuse (safe; 22% risk of failure)
Press: ? - help, Shift-Dir - straight line, f/p - Menkaure
Aim: Menkaure (chance to defeat MR: 39%) Menkaure resists with some effort.
The bullfrog skeleton hits you.
You die...

#..##...###.....#
#
##............####
#..##...##....#
##...#...##.####
#............#
............#
#...#........#
#.......^#
#.@M.....#
#÷Z......#
#........#
#........#
#........#
##########


You could see Menkaure and a bullfrog skeleton.

Vanquished Creatures
  A centaur skeleton (D:5)
  An iguana (D:4)
  A worker ant (D:4)
  3 gnolls
  5 adders
  A dart slug (D:2)
  6 leopard geckos
  4 giant cockroaches
  6 goblins
  9 hobgoblins
  4 jackals
  A quokka (D:3)
  3 ball pythons
  8 bats
  5 frilled lizards
  7 kobolds
  6 rats
71 creatures vanquished.

Notes
Turn   | Place    | Note
-------+----------+-------------------------------------------
     0 | D:1      | Borgoz the Ghoul Enchanter began the quest for the Orb.
     0 | D:1      | Reached XP level 1. HP: 14/14 MP: 2/2
   260 | D:1      | Reached XP level 2. HP: 20/20 MP: 3/3
   349 | D:1      | Learned a level 2 spell: Ensorcelled Hibernation
   477 | D:1      | Reached skill level 1 in Short Blades
   775 | D:1      | Reached XP level 3. HP: 25/25 MP: 0/4
  1473 | D:2      | Found a hide-covered altar of Uskayaw.
  1473 | D:2      | Found a shimmering altar of Xom.
  1474 | D:2      | Found a glowing golden altar of the Shining One.
  1534 | D:2      | Reached XP level 4. HP: 34/34 MP: 0/6
  1695 | D:2      | Found a blossoming altar of Fedhas.
  2194 | D:3      | Found a white marble altar of Elyvilon.
  2454 | D:3      | Learned a level 3 spell: Confuse
  2579 | D:3      | Reached skill level 4 in Stealth
  2579 | D:3      | Reached XP level 5. HP: 36/39 MP: 7/7
  2779 | D:4      | Reached skill level 1 in Fighting
  2811 | D:4      | Reached skill level 1 in Ice Magic
  3190 | D:4      | Noticed Menkaure
  3217 | D:5      | Entered Level 5 of the Dungeon
  3240 | D:5      | Reached XP level 6. HP: 12/47 MP: 2/8
  3493 | D:4      | Slain by a bullfrog skeleton

Skill      XL: |  1  2  3  4  5 |
---------------+----------------+-----
Short Blades   | 1 2 |  2.3
Hexes          | 3 |  3.5
Spellcasting   | 2 |  2.4
Dodging        | 2 |  2.2
Stealth        | 4 |  4.3
Fighting       | 1 |  1.2
Ice Magic      | 1 |  1.2

Action                   |  1- 3 |  4- 6 || total
-------------------------+-------+-------++-------
Melee: Dagger            |   143 |   149 ||   292
 Cast: Corona            |     9 |     1 ||    10
       Ensorcelled Hiber |    13 |    16 ||    29
       Confuse           |       |     5 ||     5
  Use: Scroll            |     4 |     6 ||    10
       Potion            |       |     2 ||     2
 Stab: Sleeping          |     7 |    10 ||    17
       Confused          |       |     1 ||     1
  Eat: Chunk             |     9 |    10 ||    19
Armor: Robe              |    26 |    22 ||    48
Dodge: Dodged            |   103 |   101 ||   204
